 Seeded DCSS version 0.28-a0-773-g130ae17fe5 (webtiles) character file.

Game seed: 20211130 (custom seed)

32300 a11behringer the Impaler (level 13, 0/119 HPs)
             Began as a Minotaur Fighter on Nov 1, 2021.
             Was a High Priest of Makhleb.
             Slain by a sun demon (9 damage)
             ... summoned by Frances
             ... on level 13 of the Dungeon.
             The game lasted 00:58:22 (13135 turns).

a11behringer the Impaler (Minotaur Fighter)        Turns: 13135, Time: 00:58:23

Health: 0/119      AC: 23    Str: 23    XL:     13   Next: 30%
Magic:  0/17       EV:  9    Int:  5    God:    Makhleb [*****.]
Gold:   878        SH:  7    Dex: 19    Spells: 12/12 levels left

rFire   . . .      SeeInvis +   o - +6 demon trident (freeze)
rCold   . . .      Faith    .   c - +0 buckler
rNeg    . . .      Spirit   +   U - +0 plate armour
rPois   .          Reflect  .   (helmet restricted)
rElec   .          Harm     .   s - +2 cloak {Will+}
rCorr   .          Rampage  .   y - +0 pair of gloves
Will    +....                   B - +0 pair of boots
Stlth   ..........              g - amulet of guardian spirit
HPRegen 0.29/turn               J - +6 ring of dexterity
MPRegen 0.15/turn               f - ring of see invisible

@: spiked
A: horns 2, retaliatory headbutt
a: Renounce Religion, Minor Destruction, Lesser Servant of Makhleb, Major
Destruction, Greater Servant of Makhleb


You were on level 13 of the Dungeon.
You worshipped Makhleb.
Makhleb was extremely pleased with you.
You visited 1 branch of the dungeon, and saw 13 of its levels.
You also visited: Ossuary.

You collected 986 gold pieces.
You spent 108 gold pieces at shops.

Inventory:

Hand Weapons
 a - a +1 trident
 j - a +0 arbalest
 o - a +6 demon trident of freezing (weapon)
 S - a +1 halberd of flaming
 T - a +0 vorpal shortbow
Missiles
 e - 172 arrows
 h - 180 bolts
 L - 7 throwing nets (quivered)
Armour
 c - a +0 buckler (worn)
 q - a scarf of harm
 s - a +2 cloak of willpower (worn)
 y - a +0 pair of gloves (worn)
 B - a +0 pair of boots (worn)
 U - a +0 plate armour (worn)
Jewellery
 b - a +4 ring of protection
 f - a ring of see invisible (right hand)
 g - an amulet of guardian spirit (around neck)
 l - a ring of poison resistance
 p - a +4 ring of protection
 x - a +4 ring of protection
 J - a +6 ring of dexterity (left hand)
 X - a ring of protection from cold
Wands
 d - a wand of digging (4)
 i - a wand of polymorph (11)
 E - a wand of flame (32)
 Q - a wand of iceblast (9)
 Z - a wand of paralysis (10)
Scrolls
 n - a scroll of blinking
 t - a scroll of identify
 K - a scroll of acquirement
 M - 2 scrolls of teleportation
 O - a scroll of magic mapping
 P - a scroll of enchant armour
 R - 2 scrolls of summoning
Potions
 k - a potion of brilliance {unknown}
 r - 2 potions of might
 z - a potion of heal wounds
 D - 2 potions of magic
 F - 3 potions of haste
 G - a potion of curing
 I - a potion of flight {unknown}
 W - 8 potions of ambrosia
Miscellaneous
 A - a lightning rod (4/4)
 V - a box of beasts


   Skills:
 + Level 12.5 Fighting
 + Level 16.5 Polearms
 + Level 13.7 Armour
 - Level 3.3 Dodging
 + Level 9.2 Shields
 * Level 7.2 Invocations


You had 12 spell levels left.
You didn't know any spells.
Your spell library contained the following spells:

 Spells                   Type           Power      Damage    Failure   Level
 Beastly Appendage        Tmut           0%         N/A       99%         1
 Slow                     Hex            0%         N/A       99%         1
 Summon Small Mammal      Summ           0%         N/A       99%         1
 Wereblood                Tmut           0%         N/A       100%        2
 Call Canine Familiar     Summ           0%         N/A       100%        3
 Confusing Touch          Hex            0%         N/A       100%        3
 Gell's Gravitas          Tloc           0%         N/A       100%        3
 Ignite Poison            Fire/Tmut/Pois 0%         N/A       100%        3
 Mephitic Cloud           Conj/Pois/Air  0%         N/A       100%        3
 Spider Form              Tmut/Pois      0%         N/A       100%        3
 Stone Arrow              Conj/Erth      0%         3d7       100%        3
 Summon Guardian Golem    Hex/Summ       0%         N/A       100%        3
 Teleport Other           Tloc           0%         N/A       100%        3
 Animate Armour           Summ/Erth      0%         N/A       100%        4
 Animate Dead             Necr           0%         N/A       100%        4
 Cause Fear               Hex            0%         N/A       100%        4
 Dispel Undead            Necr           0%         3d6       100%        4
 Freezing Cloud           Conj/Ice/Air   0%         6-21      100%        5
 Yara's Violent Unravell  Hex/Tmut       0%         3d3       100%        5
 Death Channel            Necr           0%         N/A       100%        6
 Dispersal                Tloc           0%         N/A       100%        6
 Dragon Form              Tmut           0%         N/A       100%        7
 Lehudib's Crystal Spear  Conj/Erth      0%         10d2      100%        8
 Dragon's Call            Summ           0%         N/A       100%        9


Dungeon Overview and Level Annotations

Branches:
Dungeon (13/15)            Temple (0/1) D:4            Lair (0/6) D:9
    Orc (0/2) D:11        Ossuary (visited)
 Vaults: D:13-14

Altars:
Ashenzari
Cheibriados
Dithmenos
Elyvilon
Fedhas
Gozag
Hepliaklqana
Kikubaaqudgha
Makhleb
Ru
Uskayaw
Xom
Zin

Shops:
D:4 *   D:10 *

Annotations:
D:13 2 runed translucent doors, exclusion: orange crystal statue, Frances


Innate Abilities, Weirdness & Mutations

You have a pair of horns on your head.
You reflexively headbutt those who attack you in melee.


Message History

Frances misses you.
You hit Frances but do no damage.
Frances is moderately wounded.
The ynoxinul disappears in a puff of smoke!
The ufetubus disappears in a puff of smoke! x3
The hellwing is lost in a daze.
You impale Frances!! You freeze Frances!
You headbutt Frances, but do no damage.
Frances is heavily wounded.
You block Frances's attack.
The sun demon hits you but does no damage.
The hellwing barely misses you. You furiously retaliate!
You headbutt the hellwing.
The hellwing hits you but does no damage.
You impale Frances!! You freeze Frances.
Frances is severely wounded.
Frances hits you with a +3 trident. The red devil barely misses you.
You puncture Frances! You freeze Frances.
You headbutt Frances, but do no damage.
Frances is severely wounded.
You block Frances's attack. The sun demon barely misses you.
The hellwing hits you but does no damage. x2
The red devil closely misses you.
You puncture Frances! You freeze Frances.
Frances is almost dead.
Frances screams a word of power!
The iron shot hits you!! The sun demon hits you!
You are engulfed in flames!
You hit Frances. You freeze Frances. Your headbutt misses Frances.
Frances is almost dead.
Frances screams a word of power!
The shard of ice hits you!!!
* * * LOW HITPOINT WARNING * * *
The hellwing is lost in a daze.
The red devil hits you from afar with a +0 trident!
* * * LOW HITPOINT WARNING * * *
Barbed spikes become lodged in your body.
You feel much better. The sun demon hits you!
* * * LOW HITPOINT WARNING * * *
You are engulfed in flames!
You die...

#. ..... #. #...#
#?# #....# ..
##...#.# ####.####
#..#... #......[#
#.##..# #.......#
#.##..# #....@3.#
##.##..# #....@4.#
#..##..#####....4..#
#..................#
#.............!....#
.........[.........#
...................#
.........>..###.####
............# .#


You could see Frances (fast), a sun demon (summoned), a hellwing (summoned,
dazed) and a red devil (summoned).

Vanquished Creatures
  Jorgrun (D:12)
  Snorg (D:11)
  Josephine (D:11)
  Harold (D:8)
  A hydra (D:12)
  A boulder beetle (D:12)
  Erica (D:8)
  Urug (D:10)
  6 two-headed ogres
  3 skeletal warriors (D:12)
  Nergalle (D:11)
  Pikel (D:4)
  An ugly thing (D:13)
  2 deep elf pyromancers (D:12)
  A manticore (D:11)
  A cyclops (D:13)
  Maurice (D:12)
  2 gargoyles
  Psyche (D:8)
  A yaktaur (D:12)
  3 unseen horrors
  2 kobold demonologists (D:10)
  A queen bee (D:10)
  5 trolls
  Grinder (D:6)
  Prince Ribbit (D:6)
  A meliai zombie (D:11)
  11 slime creatures
  A shadow (D:12)
  2 vampires
  Sigmund (D:4)
  7 wraiths
  13 yaks
  4 wyverns
  2 basilisks (D:9)
  A golden eye (shapeshifter) (D:13)
  Grum (D:10)
  4 steam dragons
  6 vampire mosquitoes
  2 acid dragons
  2 wargs (D:11)
  2 water moccasins
  An orc warrior (D:8)
  An ice beast (D:5)
  2 black bears
  3 wolves (D:10)
  2 ogres (D:5)
  3 centaurs
  4 phantoms
  Blork the orc (D:6)
  A kobold brigand (D:9)
  A bullfrog (D:7)
  An elf zombie (Ossuary)
  2 wyvern zombies
  3 scorpions
  36 killer bees
  15 wights
  An electric eel (D:8)
  5 howler monkeys
  A bullfrog zombie (D:5)
  2 centaur zombies (D:9)
  3 jellies
  An orc priest (D:12)
  Crazy Yiuf (D:3)
  A gnoll shaman (D:7)
  3 hounds
  A centaur skeleton (D:5)
  2 iguanas (D:5)
  2 orc wizards
  A hound zombie (D:5)
  A hound skeleton (D:4)
  4 mummies
  Robin (D:4)
  7 gnolls
  6 adders
  2 white imps (D:5)
  An ufetubus (D:5)
  4 adder zombies (Ossuary)
  A worm (D:3)
  A dart slug (D:2)
  13 orcs
  3 bats
  8 endoplasms
  4 giant cockroaches
  17 goblins
  6 hobgoblins
  4 quokkas
  3 ball pythons
  A frilled lizard (D:3)
  2 goblin zombies
  2 hobgoblin zombies (Ossuary)
  A jackal skeleton (D:4)
  4 kobolds
  3 kobold zombies
  7 quokka zombies (Ossuary)
  A rat (D:3)
  A rat zombie (Ossuary)
310 creatures vanquished.

Vanquished Creatures (others)
  A hobgoblin (D:4)
  4 fungi (D:8)
  9 plants (D:8)
14 creatures vanquished.

Grand Total: 324 creatures vanquished

Notes
Turn   | Place    | Note
-------+----------+-------------------------------------------
     0 | D:1      | a11behringer the Minotaur Fighter began the quest for the
                  | Orb.
     0 | D:1      | Reached XP level 1. HP: 19/19 MP: 0/0
   182 | D:1      | Reached XP level 2. HP: 20/27 MP: 1/1
   461 | D:1      | Reached skill level 3 in Polearms
   705 | D:2      | Reached XP level 3. HP: 33/33 MP: 2/2
   888 | D:2      | You fall into a shaft and drop 1 floor!
   991 | D:2      | Found a faded altar of an unknown god.
  1081 | D:2      | Found a blossoming altar of Fedhas.
  1196 | D:3      | Found a snail-covered altar of Cheibriados.
  1214 | D:3      | Found a sacrificial altar of Ru.
  1216 | D:3      | Found an opulent altar of Gozag.
  1216 | D:3      | Found a hide-covered altar of Uskayaw.
  1216 | D:3      | Found an ancient bone altar of Kikubaaqudgha.
  1218 | D:3      | Found a broken altar of Ashenzari.
  1219 | D:3      | Found a burning altar of Makhleb.
  1231 | D:3      | Became a worshipper of Makhleb the Destroyer
  1506 | D:3      | Reached XP level 4. HP: 37/40 MP: 3/3
  1591 | D:3      | Found a runed translucent door.
  1592 | D:3      | Noticed Crazy Yiuf
  2230 | D:4      | Noticed Robin
  2250 | D:4      | Reached skill level 4 in Polearms
  2271 | D:4      | Killed Robin
  2430 | D:4      | Noticed a lemure
  2431 | D:4      | Noticed a lemure
  2431 | D:4      | Noticed Pikel
  2432 | D:4      | Noticed a lemure
  2432 | D:4      | Noticed a lemure
  2434 | D:4      | Noticed Sigmund
  2497 | D:3      | Identified a scroll of acquirement
  2497 | D:3      | Acquired a +2 demon trident of freezing
  2525 | D:4      | Found Essorur's Neck Hole.
  2540 | D:4      | Bought a scarf of harm for 108 gold pieces
  2663 | D:4      | Killed Pikel
  2664 | D:4      | Reached skill level 7 in Polearms
  2664 | D:4      | Reached skill level 5 in Armour
  2664 | D:4      | Reached skill level 1 in Dodging
  2664 | D:4      | Reached XP level 5. HP: 46/47 MP: 4/4
  2664 | D:4      | Reached XP level 6. HP: 52/53 MP: 5/5
  2664 | D:4      | Reached XP level 7. HP: 59/60 MP: 6/6
  2664 | D:4      | Found a staircase to the Ecumenical Temple.
  2740 | D:4      | Killed Sigmund
  2741 | D:4      | Reached skill level 8 in Polearms
  2949 | D:3      | Killed Crazy Yiuf
  3047 | D:5      | Entered Level 5 of the Dungeon
  3150 | D:5      | Reached skill level 5 in Fighting
  3150 | D:5      | Reached XP level 8. HP: 51/68 MP: 7/7
  3310 | D:5      | Reached skill level 9 in Polearms
  3310 | D:5      | Reached skill level 5 in Shields
  4040 | D:5      | Reached * piety under Makhleb
  4373 | D:5      | Reached skill level 10 in Polearms
  4731 | D:6      | Noticed Blork the orc
  4732 | D:6      | Found a sand-covered staircase.
  4740 | D:6      | Killed Blork the orc
  4741 | D:6      | Reached XP level 9. HP: 75/75 MP: 8/8
  4760 | Ossuary  | Entered an ossuary
  4768 | Ossuary  | Reached skill level 11 in Polearms
  4850 | Ossuary  | Reached ** piety under Makhleb
  5238 | D:6      | Noticed Prince Ribbit
  5248 | D:6      | Killed Prince Ribbit
  5249 | D:6      | Reached skill level 12 in Polearms
  5287 | D:6      | Noticed Grinder
  5288 | D:6      | Paralysed by Grinder for 6 turns
  5298 | D:6      | Paralysed by Grinder for 5 turns
  5307 | D:6      | Killed Grinder
  5704 | D:7      | Reached skill level 13 in Polearms
  6118 | D:7      | Reached *** piety under Makhleb
  6123 | D:7      | Reached XP level 10. HP: 86/86 MP: 9/9
  6727 | D:8      | Noticed a two-headed ogre
  6733 | D:8      | Killed a two-headed ogre
  6748 | D:8      | Noticed Harold
  6763 | D:8      | Killed Harold
  6764 | D:8      | Reached skill level 14 in Polearms
  6775 | D:8      | Noticed Erica
  6783 | D:8      | Killed Erica
  7022 | D:8      | Found a white marble altar of Elyvilon.
  7209 | D:8      | Noticed Psyche
  7215 | D:8      | Killed Psyche
  7508 | D:8      | Reached skill level 15 in Polearms
  7812 | D:9      | Reached skill level 1 in Invocations
  7832 | D:9      | Reached XP level 11. HP: 85/94 MP: 8/11
  8017 | D:9      | Reached **** piety under Makhleb
  8024 | D:9      | Reached skill level 10 in Armour
  8365 | D:9      | Found a staircase to the Lair.
  8460 | D:10     | Entered Level 10 of the Dungeon
  8465 | D:10     | Found a shadowy altar of Dithmenos.
  8731 | D:10     | Noticed Grum
  8741 | D:10     | Killed Grum
  9100 | D:10     | Noticed a two-headed ogre
  9115 | D:10     | Noticed a sun demon
  9203 | D:10     | Noticed a sea snake
  9204 | D:10     | Found Zin's Purification Station.
  9210 | D:10     | Found a glowing silver altar of Zin.
  9335 | D:10     | Found a shimmering altar of Xom.
  9336 | D:10     | Found a hazy altar of Hepliaklqana.
  9414 | D:10     | Noticed Urug
  9422 | D:10     | Killed Urug
  9559 | D:10     | Reached ***** piety under Makhleb
  9912 | D:11     | Reached skill level 10 in Fighting
  9938 | D:11     | Found a staircase to the Orcish Mines.
  9940 | D:11     | Noticed Josephine
  9961 | D:11     | Killed Josephine
  9962 | D:11     | Reached XP level 12. HP: 57/106 MP: 8/14
 10204 | D:11     | Noticed Nergalle
 10211 | D:11     | Killed Nergalle
 10212 | D:11     | Reached skill level 5 in Invocations
 10329 | D:11     | Noticed Snorg
 10337 | D:11     | Killed Snorg
 10474 | D:11     | Noticed a two-headed ogre
 10485 | D:11     | Killed a two-headed ogre
 10962 | D:12     | Noticed a boulder beetle
 10976 | D:12     | Killed a boulder beetle
 11215 | D:12     | Noticed a four-headed hydra
 11223 | D:12     | Killed a four-headed hydra
 11579 | D:12     | Noticed Jorgrun
 11596 | D:12     | Killed Jorgrun
 11597 | D:12     | Reached skill level 16 in Polearms
 11705 | D:12     | Noticed a two-headed ogre
 11758 | D:12     | Killed a two-headed ogre
 12056 | D:12     | Reached XP level 13. HP: 62/117 MP: 9/17
 12383 | D:12     | Noticed Maurice
 12392 | D:12     | Killed Maurice
 12527 | D:12     | Found a sacrificial altar of Ru.
 12658 | D:13     | Got the Collected Works on Black Rites
 12874 | D:13     | Found a runed translucent door.
 12899 | D:13     | Found a runed translucent door.
 12910 | D:13     | Found a runed translucent door.
 12918 | D:13     | Found a runed translucent door.
 13121 | D:13     | Noticed Frances
 13134 | D:13     | HP: 4/119 [red devil[Frances] (13)]
 13135 | D:13     | Slain by a sun demon

Illustrated notes

Levels and vault maps discovered:
D:1:      mrwooster_arrival_arrow, layout_basic, wad_floor_pattern_untrapped
D:2:      layout_basic, shapermc_ecumenical_altar_mp_highgroup, basic_altar,
          amcnicky_mini_corridor_feature, minmay_pentomino_u2
D:3:      layout_basic, minitemple, uniq_crazy_yiuf_cottage
D:4:      layout_basic, minmay_temple_entry_arrows,
          nicolae_shop_sticking_my_neck_out, uniq_robin, uniq_sigmund,
          uniq_pikel
D:5:      minmay_bubble_buster, layout_gridville, minivault_4
D:6:      layout_cave_pools, nicolae_ossuary_entry_giza, uniq_blork_the_orc,
          uniq_grinder, uniq_prince_ribbit1
D:7:      layout_cave_pods
D:8:      kennysheep_steamy, layout_loops_ring, nicolae_elyvilon_temple_path,
          uniq_psyche, uniq_erica, uniq_harold
D:9:      layout_rooms, erik_lair_dragon, minmay_diced_spiral
D:10:     layout_roguey [special_room_bee], regret_index_temple_of_mockery,
          zin_purify, mainiacjoe_overflow_paths, serial_aquarium,
          aquarium_bridge_long_separate [aquarium_subvault_window,
          aquarium_subvault_wall, aquarium_subvault_bridge,
          aquarium_subvault_bridge, aquarium_subvault_wall,
          aquarium_subvault_wall], aquarium_bridge_square
          [aquarium_subvault_bridge, aquarium_subvault_bridge,
          aquarium_subvault_bridge, aquarium_subvault_balcony],
          aquarium_window_double, aquarium_window_2, aquarium_window_1,
          aquarium_view_2d, lemuel_old_faithful, uniq_grum, uniq_urug
D:11:     layout_irregular_city, minmay_orc_entry_guard_dogs, serial_glass,
          glass_columns_b, glass_columns_a, minmay_strange_pillars,
          due_unseen_surprise, minmay_strange_pillars, uniq_josephine,
          uniq_snorg, uniq_nergalle
D:12:     layout_grid_maze, hangedman_abyss_or_decor_lesser_grid,
          nicolae_ru_the_path_less_chosen, uniq_jorgrun, uniq_maurice
D:13:     layout_rooms, serial_shops, shop_statue, minmay_statue_crystal_thing,
          uniq_frances

Skill      XL: |  1  2  3  4  5  6  7  8  9 10 11 12 13 |
---------------+----------------------------------------+-----
Shields        | 4 5 6 8 9 |  9.2
Armour         | 4 5 6 7 8 9 11 13 | 13.7
Polearms       | 3 7 8 10 13 15 16 | 16.5
Fighting       | 4 5 7 8 10 11 12 | 12.5
Dodging        | 1 2 3 |  3.3
Invocations    | 1 4 6 7 |  7.2

Action                   |  1- 3 |  4- 6 |  7- 9 | 10-12 | 13-15 || total
-------------------------+-------+-------+-------+-------+-------++-------
Melee: Trident           |    77 |    42 |       |       |       ||   119
       Headbutt          |     8 |     7 |    61 |   133 |    25 ||   234
       Demon trident     |       |     9 |   251 |   515 |    93 ||   868
Invok: Minor Destruction |       |       |       |     2 |     6 ||     8
       Lesser Servant of |       |       |       |     1 |       ||     1
       Major Destruction |       |       |       |     1 |       ||     1
  Use: Scroll            |     1 |     3 |    12 |    10 |     2 ||    28
       Potion            |       |       |     1 |     4 |     1 ||     6
Armor: Scale mail        |    39 |    24 |       |       |       ||    63
       Chain mail        |       |     5 |   139 |    58 |       ||   202
       Plate armour      |       |       |       |   211 |    36 ||   247
Dodge: Dodged            |    29 |    15 |   105 |   154 |    20 ||   323
Block: Buckler           |    15 |    10 |    58 |   119 |    20 ||   222

Table legend: (Time is in decaauts)
 A = Elapsed time spent in this place.
 B = Non-inter-level travel time spent in this place.
 C = Inter-level travel time spent in this place.
 D = Time resting spent in this place.
 E = Time spent auto-exploring this place.
 F = Levels seen in this place.
 G = Mean time per level.
                   A        B        C        D        E       F      G
               +--------+--------+--------+--------+--------+-----+--------+
         Total |  12830 |   9076 |   3754 |      0 |   7038 |  14 |  916.4 |
       Dungeon |  12674 |   8920 |   3754 |      0 |   7038 |  13 |  974.9 |
       Ossuary |    155 |    155 |      0 |      0 |      0 |   1 |  155.0 |
               +--------+--------+--------+--------+--------+-----+--------+

Top non-repeatable levels by time:
     D:5: 1643 daAuts
    D:12: 1586 daAuts
    D:10: 1322 daAuts
     D:8: 1108 daAuts
    D:11: 1059 daAuts
     D:3: 982 daAuts
     D:7: 955 daAuts
     D:2: 759 daAuts
     D:9: 724 daAuts
     D:6: 686 daAuts
     D:1: 676 daAuts
     D:4: 657 daAuts
    D:13: 511 daAuts
 Ossuary: 155 daAuts
